 Dungeon Crawl Stone Soup version 0.22-a0-512-g0943f25 (webtiles) character file.

412 saradell the Chopper (level 6, -9/55 HPs)
             Began as a Hill Orc Berserker on June 17, 2018.
             Was a Believer of Trog.
             Mangled by a crocodile (12 damage)
             ... on level 4 of the Dungeon on June 18, 2018.
             The game lasted 01:09:41 (4924 turns).

saradell the Chopper (Hill Orc Berserker)           Turns: 4924, Time: 01:09:42

Health: -9/55      AC:  8    Str: 20    XL:     6   Next: 90%
Magic:  6/6        EV:  9    Int:  7    God:    Trog [**....]
Gold:   239        SH:  9    Dex: 12    Spells: 5/5 levels left

rFire    . . .     SeeInvis +   a - +0 hand axe
rCold    . . .     Gourm    .   v - +0 shield
rNeg     . . .     Faith    +   t - +1 ring mail
rPois    .         Spirit   .   (no helmet)
rElec    .         Reflect  .   (no cloak)
rCorr    .         Harm     .   (no gloves)
MR       .....                  o - +0 pair of boots
Stlth    +.........             m - amulet of faith
HPRegen  0.18/turn              x - ring of see invisible
MPRegen  0.10/turn              (no ring)

@: no status effects
A: no striking features
a: Berserk, Trog's Hand, Renounce Religion


You were on level 4 of the Dungeon.
You worshipped Trog.
Trog was pleased with you.
You were not hungry.

You visited 1 branch of the dungeon, and saw 4 of its levels.

You collected 239 gold pieces.

Inventory:

Hand Weapons
 a - a +0 hand axe (weapon)
 p - a +0 hunting sling
Missiles
 g - 17 bolts
 h - 30 arrows
 l - 8 curare-tipped needles
 n - 115 stones (quivered)
 u - 10 sling bullets
 B - 16 poisoned needles
Armour
 o - a +0 pair of boots (worn)
 r - a +0 chain mail
 t - a +1 ring mail (worn)
 v - a +0 shield (worn)
Jewellery
 m - an amulet of faith (around neck)
 x - a ring of see invisible (left hand)
Wands
 H - a wand of digging (17)
 J - a wand of flame (20)
Scrolls
 e - a scroll of enchant weapon {unknown}
 f - a scroll of noise {unknown}
 k - a scroll of immolation {unknown}
 w - a scroll of fog {unknown}
 y - a scroll of identify
 C - a scroll of amnesia {unknown}
 F - a scroll of enchant armour
 G - 2 scrolls of remove curse
Potions
 d - a potion of agility {unknown}
 z - 2 potions of heal wounds {unknown}
 A - a potion of might {unknown}
 D - a potion of resistance {unknown}
Comestibles
 c - 10 rations


   Skills:
 + Level 4.8 Fighting
 + Level 6.8 Axes
 + Level 3.8 Armour
 + Level 2.3 Dodging
 + Level 0.3 Stealth
 + Level 2.8 Shields


You had 5 spell levels left.
You didn't know any spells.
Your spell library was empty.

Dungeon Overview and Level Annotations

Branches:
Dungeon (4/15)
 Temple: D:4-7

Altars:


Message History

The crocodile is heavily wounded.
You block the crocodile's attack.
You barely miss the crocodile.
The crocodile is heavily wounded.
The crocodile bites you!
You hit the crocodile but do no damage.
The crocodile is heavily wounded.
The crocodile bites you but does no damage.
You hit the crocodile but do no damage.
The crocodile is heavily wounded.
The crocodile barely misses you.
You barely miss the crocodile.
The crocodile is heavily wounded.
The crocodile bites you but does no damage.
You hit the crocodile but do no damage.
The crocodile is heavily wounded.
The crocodile bites you!
* * * LOW HITPOINT WARNING * * *
The crocodile bites you!
You die...

########.#.#####.#.#...#.#
#.###
.........#.##.........##.#
#....
##########.##.##.#.#####.#
##### # #..............>#
# #..[....#.##############
# #.......#.........).....
#.......##########.###.#
#.......##.....# #.##...
#......@##.....# #.##.#.
#.......t.[....# #.##...
###...####.....# #.##.##
#....# #.....# #......
#....# #.....# ####t##
#.#### #.....# #...# #.#
#.....# #.### #.#
###.....# #.# #.#
#.......# #.#


You could see a crocodile.

Vanquished Creatures
  Sigmund (D:4)
  A centaur skeleton (D:4)
  An orc priest (D:3)
  An orc wizard (D:3)
  An iguana (D:4)
  A worker ant (D:4)
  5 adders
  An ooze (D:1)
  An adder skeleton (D:4)
  A dart slug (D:2)
  5 leopard geckos
  7 orcs
  2 giant cockroaches (D:3)
  6 goblins
  6 hobgoblins
  2 jackals (D:3)
  3 kobolds
  4 quokkas
  2 bats
  5 frilled lizards
  A quokka skeleton (D:2)
  5 rats
62 creatures vanquished.

Notes
Turn   | Place    | Note
-------+----------+-------------------------------------------
     0 | D:1      | saradell the Hill Orc Berserker began the quest for the Orb.
     0 | D:1      | Reached XP level 1. HP: 19/19 MP: 1/1
   344 | D:1      | Reached XP level 2. HP: 27/27 MP: 2/2
  1009 | D:2      | Reached XP level 3. HP: 29/33 MP: 3/3
  1222 | D:2      | Reached skill level 5 in Axes
  1825 | D:2      | Reached ** piety under Trog
  1981 | D:2      | Reached XP level 4. HP: 32/41 MP: 4/4
  3628 | D:3      | Reached XP level 5. HP: 45/47 MP: 5/5
  3723 | D:4      | Reached skill level 6 in Axes
  3723 | D:4      | Reached skill level 1 in Shields
  3963 | D:4      | Reached XP level 6. HP: 40/53 MP: 6/6
  4275 | D:4      | Upgraded the game from 0.22-a0-482-g76e0a5f to 0.22-a0-512-g0943f25
  4323 | D:4      | Noticed Sigmund
  4359 | D:4      | Killed Sigmund
  4924 | D:4      | Mangled by a crocodile

Vault maps used:
D:1:      erik_arrival_cave_to_civilisation
D:2:      first_ration
D:4:      uniq_sigmund

Skill      XL: |  1  2  3  4  5 |
---------------+----------------+-----
Fighting       | 4 |  4.8
Axes           | 5 6 |  6.8
Dodging        | 2 |  2.3
Armour         | 3 |  3.8
Shields        | 2 |  2.8
Stealth        | |  0.3

Action                   |  1- 3 |  4- 6 || total
-------------------------+-------+-------++-------
Melee: Hand axe          |   111 |   252 ||   363
  Use: Potion            |       |     4 ||     4
       Scroll            |       |     3 ||     3
 Stab: Sleeping          |     1 |       ||     1
  Eat: Chunk             |     2 |     2 ||     4
       Ration            |     1 |     2 ||     3
Armor: Animal skin       |     5 |       ||     5
       Chain mail        |    22 |    89 ||   111
       Ring mail         |       |     8 ||     8
Dodge: Dodged            |    43 |    70 ||   113
Block: Shield            |       |    88 ||    88

Table legend:
 A = Spawn XP
 B = Non-spawn XP
 C = Spawn XP percentage of total XP
 D = Spawn monster count
 E = Non-spawn monster count
 F = Spawn count percentage of total count
 G = Total turns spent on level
                    A         B        C        D         E        F      G
               +---------+---------+-------+---------+---------+-------+---------
         Total |       0 |     589 |   0.0 |       0 |      62 |   0.0 |  4924
               +---------+---------+-------+---------+---------+-------+---------
           D:1 |       0 |      21 |   0.0 |       0 |      10 |   0.0 |   986
           D:2 |       0 |      66 |   0.0 |       0 |      21 |   0.0 |  1360
           D:3 |       0 |     145 |   0.0 |       0 |      21 |   0.0 |  1386
           D:4 |       0 |     357 |   0.0 |       0 |      10 |   0.0 |  1192
               +---------+---------+-------+---------+---------+-------+---------
